 Dungeon Crawl Stone Soup version 0.25.1-2-g60ff931df9 (webtiles) character file.

Game seed: 9626660040468490119

366 McIrco the Shield-Bearer (level 7, 0/55 HPs)
             Began as a Human Fighter on July 29, 2020.
             Slain by Duvessa
             ... wielding a +0 rapier
              (6 damage)
             ... on level 4 of the Dungeon on Sept 15, 2020.
             The game lasted 00:05:01 (3303 turns).

McIrco the Shield-Bearer (Human Fighter)            Turns: 3303, Time: 00:05:02

Health: 0/55       AC:  7    Str: 18    XL:     7   Next: 1%
Magic:  7/7        EV:  7    Int:  8    God:
Gold:   126        SH: 10    Dex: 13    Spells: 6/6 levels left

rFire    . . .     SeeInvis .   a - +0 long sword
rCold    . . .     Gourm    .   c - +0 kite shield
rNeg     . . .     Faith    .   b - +0 scale mail
rPois    .         Spirit   .   (no helmet)
rElec    .         Reflect  .   (no cloak)
rCorr    .         Harm     .   (no gloves)
MR       .....                  (no boots)
Stlth    +.........             (no amulet)
HPRegen  0.18/turn              h - ring of stealth
MPRegen  0.10/turn              (no ring)

@: mighty
A: no striking features
a: no special abilities


You were on level 4 of the Dungeon.
You were not hungry.

You visited 1 branch of the dungeon, and saw 4 of its levels.

You collected 126 gold pieces.

Inventory:

Hand Weapons
 a - a +0 long sword (weapon)
Armour
 b - a +0 scale mail (worn)
 c - a +0 kite shield (worn)
 s - a cursed +0 plate armour
Jewellery
 h - a ring of stealth (left hand)
Scrolls
 e - a scroll of blinking {unknown}
 i - 5 scrolls of identify {unknown}
 k - a scroll of teleportation {unknown}
 m - a scroll of enchant armour {unknown}
 n - a scroll of random uselessness {unknown}
 o - 5 scrolls of enchant weapon {unknown}
 p - 2 scrolls of noise {unknown}
 q - a scroll of immolation {unknown}
Potions
 g - 2 potions of curing
 j - a potion of ambrosia
 l - a potion of stabbing {unknown}
 t - a potion of heal wounds {unknown}
Comestibles
 f - 10 rations


   Skills:
 + Level 4.7 Fighting
 - Level 2.0 Long Blades
 + Level 4.8 Armour
 + Level 5.0 Shields


You had 6 spell levels left.
You didn't know any spells.
Your spell library was empty.

Dungeon Overview and Level Annotations

Branches:
Dungeon (4/15)
 Temple: D:4-7

Altars:
Cheibriados
Gozag
Kikubaaqudgha
Uskayaw

Annotations:
D:3 3 runed translucent doors, lllmatko's ghost, amateur HOMo
D:4 Dowan; Duvessa


Message History

Duvessa says, "Where magic fails, the sword succeeds!"
Duvessa hits you with a +0 rapier. Dowan hits you but does no damage.
You bump into the rock wall.
Duvessa hits you with a +0 rapier.
Dowan points at you and mumbles some strange words.
The puff of flame hits you.
* * * LOW HITPOINT WARNING * * *
You hit Duvessa.
Duvessa is heavily wounded.
You feel less invigorated.
You feel less confused.
Duvessa says, "I don't care about looks, I care about technique!"
Duvessa completely misses you. Dowan casts a spell at you.
The puff of flame hits you!
* * * LOW HITPOINT WARNING * * *
Unknown command.
You hit Duvessa but do no damage.
Duvessa is heavily wounded.
Duvessa hits you with a +0 rapier.
You die...

## #.. #.# #.# #.#
####### #.# #.....#
#.######.###.######
#.........@e.......
#######.######.#.e.#.###
...............###.#
.....##.#######. ...
.....##.#### .. .....
.....#.....# (#####....
...........# .# ##+#
...........#
...........#


You could see Duvessa and Dowan.

Vanquished Creatures
  A centaur (D:3)
  A scorpion (D:4)
  A howler monkey (D:4)
  Jessica (D:2)
  A worker ant (D:4)
  An orc wizard (D:3)
  5 adders
  An adder skeleton (D:4)
  2 worms (D:2)
  2 dart slugs
  3 leopard geckos
  3 orcs (D:3)
  2 giant cockroaches (D:1)
  8 goblins
  6 hobgoblins
  4 jackals (D:1)
  2 ball pythons
  4 bats
  7 frilled lizards
  8 kobolds
  9 rats
72 creatures vanquished.

Notes
Turn   | Place    | Note
-------+----------+-------------------------------------------
     0 | D:1      | McIrco the Human Fighter began the quest for the Orb.
     0 | D:1      | Reached XP level 1. HP: 18/18 MP: 1/1
    53 | D:1      | Reached XP level 2. HP: 23/24 MP: 2/2
   274 | D:1      | Reached XP level 3. HP: 15/29 MP: 3/3
  1320 | D:2      | Reached XP level 4. HP: 35/35 MP: 4/4
  1489 | D:2      | You fall into a shaft and drop 1 floor!
  1557 | D:3      | Noticed a centaur
  1571 | D:3      | Killed a centaur
  1571 | D:3      | Reached skill level 4 in Shields
  1571 | D:3      | Reached XP level 5. HP: 31/42 MP: 5/5
  1673 | D:3      | Found an ancient bone altar of Kikubaaqudgha.
  1776 | D:2      | Noticed Jessica
  1779 | D:2      | Killed Jessica
  1834 | D:2      | Reached XP level 6. HP: 46/48 MP: 6/6
  2598 | D:3      | Found a snail-covered altar of Cheibriados.
  2660 | D:3      | Noticed a +0 dagger
  2661 | D:3      | Noticed a +0 dagger
  2662 | D:3      | Found a hide-covered altar of Uskayaw.
  2903 | D:3      | Found a runed translucent gate.
  2903 | D:3      | Found a runed translucent gate.
  2903 | D:3      | Found a runed translucent gate.
  2904 | D:3      | Found an opulent altar of Gozag.
  2904 | D:3      | Noticed lllmatko's ghost (amateur HOMo)
  3133 | D:4      | Reached skill level 5 in Shields
  3133 | D:4      | Reached XP level 7. HP: 43/55 MP: 7/7
  3271 | D:4      | Noticed Duvessa
  3294 | D:4      | Noticed Dowan
  3303 | D:4      | Slain by Duvessa

Illustrated notes

Levels and vault maps discovered:
D:1:      psy_arrival_fountain, layout_loops_ring
D:2:      layout_loops_ring, first_ration, uniq_jessica
D:3:      layout_loops_ring, kiku_gazebo_garden_becter, dancing_weapons_uskayaw,
          ebering_ghost_gozag, kennysheep_slug_shrine
D:4:      layout_basic, serial_shops, shop, shop, nicolae_shop_behind_doors,
          nicolae_shop_waterfront, uniq_duvessa

Skill      XL: |  1  2  3  4  5  6 |
---------------+-------------------+-----
Fighting       | 4 |  4.7
Armour         | 4 |  4.8
Shields        | 4 5 |  5.0
Long Blades    | |  2.0

Action                   |  1- 3 |  4- 6 |  7- 9 || total
-------------------------+-------+-------+-------++-------
Melee: Long sword        |   120 |   147 |    23 ||   290
  Use: Potion            |       |       |     3 ||     3
  Eat: Chunk             |     2 |     6 |       ||     8
Armor: Scale mail        |    49 |    81 |     3 ||   133
Dodge: Dodged            |    34 |    51 |     5 ||    90
Block: Kite shield       |    61 |    82 |     9 ||   152
       Rpst.: Long sword |     9 |    18 |     1 ||    28
